 Dungeon Crawl Stone Soup version 0.20.1-1-g8b1a95d (webtiles) character file.

302453 TheGuigne the Hoplite (level 20, -12/189 HPs)
             Began as a Minotaur Fighter on Aug 21, 2017.
             Was a High Priest of Nemelex Xobeh.
             Mangled by a golden dragon simulacrum (20 damage)
             ... while paralysed by accursed screaming
             ... on level 3 of the Abyss on Aug 22, 2017.
             The game lasted 04:32:08 (59659 turns).

TheGuigne the Hoplite (Minotaur Fighter)           Turns: 59659, Time: 04:32:10

Health: -12/189    AC: 42    Str: 17      XL:     20   Next: 21%
Magic:  13/13      EV:  2    Int:  5 (8)  God:    Nemelex Xobeh [*****.]
Gold:   2210       SH:  0    Dex: 18      Spells: 19/19 levels left

rFire    + . .     SeeInvis .   a - +1 double sword (venom)
rCold    + + +     Gourm    .   M - +1 large shield {rF+}
rNeg     + . .     Faith    .   U - +4 plate armour {MR+}
rPois    .         Spirit   .   E - +2 hat
rElec    .         Reflect  .   r - +2 cloak {+Inv}
rCorr    .         Harm     .   o - +1 pair of gloves {archery}
MR       ++...                  q - +2 pair of boots
Stlth    ..........             y - amulet "Soyd" {+Rage rC++ rN+ Str-4 Int+2}
Regen    0.5/turn               Q - ring "Poumem" {+Blink +Fly rC+ MP-9 Str+4}
MPRegen  0.2/turn               J - +6 ring of protection

@: paralysed, about to teleport, hasted and slowed
A: retaliatory headbutt, horns 2, [blurry vision 2], [low mp 2], screaming 2,
shaggy fur 1, weak 2, MP-powered wands
}: 2/15 runes: decaying, gossamer
a: Triple Draw, Deal Four, Stack Five, Renounce Religion, Evoke Blink, Evoke
Berserk Rage, Evoke Invisibility, Evoke Flight


You were on level 3 of the Abyss.
You worshipped Nemelex Xobeh.
Nemelex Xobeh was extremely pleased with you.
You were hungry.

You visited 6 branches of the dungeon, and saw 34 of its levels.
You visited the Abyss 3 times.
You visited 1 bazaar.
You also visited: Ice Cave.

You collected 4057 gold pieces.
You spent 1847 gold pieces at shops.

Inventory:

Hand Weapons
 a - a +1 double sword of venom (weapon)
 b - a +0 scimitar of flaming
Missiles
 h - 20 stones (quivered)
Armour
 o - a +1 pair of gloves of archery (worn)
 q - a +2 pair of boots (worn)
 r - a +2 cloak of invisibility (worn)
 E - a +2 hat (worn)
 M - a +1 large shield of fire resistance (worn)
 U - a +4 plate armour of magic resistance (worn)
Magical Staves
 C - an uncursed staff of conjuration {unknown}
Jewellery
 y - the amulet "Soyd" (around neck) {+Rage rC++ rN+ Str-4 Int+2}
   (You found it on level 4 of the Swamp)

   [amulet of rage]

   It affects your strength (-4).
   It affects your intelligence (+2).
   It greatly protects you from cold.
   It protects you from negative energy.
   It lets you go berserk.
 J - a +6 ring of protection (right hand)
 N - an uncursed ring of see invisible
 Q - the ring "Poumem" (left hand) {+Blink +Fly rC+ MP-9 Str+4}
   (You bought it in a shop in a bazaar)

   [ring of protection from cold]

   It affects your strength (+4).
   It protects you from cold.
   It affects your magic capacity (-9).
   It lets you fly.
   It lets you blink.
Wands
 A - a wand of digging (11/24)
 F - a wand of disintegration (2/24)
Scrolls
 k - 18 scrolls of remove curse
 p - 3 scrolls of fear
 s - a scroll of fog
 u - 4 scrolls of enchant armour
 L - a scroll of silence {unknown}
 X - 4 scrolls of blinking
Potions
 d - 4 potions of might
 j - a potion of agility
 l - a potion of ambrosia
 t - 9 potions of curing
 I - 3 potions of resistance
 K - a potion of brilliance
 Y - 3 potions of cancellation
Books
 e - Roxanne's Compendium of Stones
   (You took it off Roxanne on level 3 of the Elven Halls)

   Spells                             Type                      Level
   a - Stone Arrow                    Conjuration/Earth            3
   b - Leda's Liquefaction            Hexes/Earth                  4
   c - Iron Shot                      Conjuration/Earth            6
   d - Statue Form                    Transmutation/Earth          6
 x - a book of Enchantments

   Spells                             Type                      Level
   a - Cause Fear                     Hexes                        4
   b - Yara's Violent Unravelling     Hexes/Transmutation          5
   c - Silence                        Hexes/Air                    5
   d - Deflect Missiles               Charms/Air                   6
   e - Discord                        Hexes                        8
 D - a book of Air

   Spells                             Type                      Level
   a - Shock                          Conjuration/Air              1
   b - Swiftness                      Charms/Air                   2
   c - Static Discharge               Conjuration/Air              3
   d - Airstrike                      Air                          4
   e - Lightning Bolt                 Conjuration/Air              5
 G - a book of Death

   Spells                             Type                      Level
   a - Corpse Rot                     Necromancy                   2
   b - Sublimation of Blood           Necromancy                   2
   c - Agony                          Necromancy                   5
   d - Dispel Undead                  Necromancy                   5
   e - Excruciating Wounds            Charms/Necromancy            5
   f - Bolt of Draining               Conjuration/Necromancy       5
Miscellaneous
 g - a plain deck of summoning {drawn: 8}
 n - an ornate deck of destruction {drawn: 7}
 v - an ornate deck of destruction
 w - an ornate deck of summoning {drawn: 11}
 B - a legendary deck of destruction {Vitriol, left: 3}
 O - a legendary deck of summoning {the Pentagram, left: 4}
 P - a legendary deck of escape {the Shaft, left: 2}
 R - an ornate deck of destruction {the Storm, left: 5}
Comestibles
 f - 18 bread rations
 m - 17 royal jellies
 z - 11 meat rations


   Skills:
 - Level 18.6 Fighting
 - Level 14.9 Long Blades
 - Level 18.7 Armour
 - Level 13.8 Dodging
 * Level 21.6 Shields
 - Level 13.0 Invocations
 - Level 10.4 Evocations


You had 19 spell levels left.
You didn't know any spells.

Dungeon Overview and Level Annotations

Branches:
Dungeon (15/15)            Temple (0/1) D:5            Lair (6/6) D:10
  Swamp (4/4) Lair:3       Spider (4/4) Lair:2        Slime (0/5) Lair:5
    Orc (2/2) D:12            Elf (3/3) Orc:2        Vaults (0/5) D:14
 Depths (0/5) D:15

Altars:
Dithmenos
Elyvilon
Makhleb
Nemelex Xobeh
Beogh

Shops:
D:5 }=   Orc:1 ?   Orc:2 %*:=


Innate Abilities, Weirdness & Mutations

You reflexively headbutt those who attack you in melee.
You have a pair of horns on your head.
You sometimes yell uncontrollably at your foes.
You are covered in fur. (AC +1)
You are very weak. (Str -4)
You expend magic power (3 MP) to strengthen your wands.
[Scrolls take you longer to read.]
[Your magical capacity is very low. (-20% MP)]


Message History

You feel yourself speed up.
The raiju looks more healthy.
You block the thrashing horror's attack.
The thrashing horror tramples you but does no damage.
You block the death drake's attack.
The raiju bursts into living lightning!
The living lightning hits the killer bee.
The living lightning hits you!
* * * LOW HITPOINT WARNING * * *
The raiju blinks! x2
The golden dragon simulacrum bites you but does no damage.
You block the golden dragon simulacrum's attack.
The golden dragon simulacrum tramples you but does no damage.
The death drake completely misses you. You furiously retaliate!
You headbutt the death drake!
A starcursed mass splits.
A cacophony of accursed wailing tears at your sanity!
* * * LOW HITPOINT WARNING * * *
You suddenly lose the ability to move!
The golden dragon simulacrum bites you!!
You die...
Your body glows slightly and disappears.

3. .. # ##
. X##.. #
. ##
#..#ยง#
##.##..#h.
# .#..X#k#
## . ##@#
###.#hXZ#
# ###.Xyh


#XXXXt #XXX5x. ...X.... #......... .......#### You could see 8 starcursed
masses, a death drake, an apocalypse crab, 2 thrashing horrors, 3 raiju, a small
abomination, a killer bee, a golden dragon simulacrum and an ufetubus.

Vanquished Creatures
  A bone dragon (Abyss:3)
  An Ice Fiend (IceCv)
  A deep elf blademaster (Elf:2)
  A tentacled starspawn (Abyss:2)
  3 thorn hunters
  Roxanne (Elf:3)
  Kirke (D:14)
  A shadow dragon (Lair:6)
  A frost giant (D:12)
  6 ghost moths
  3 deep elf sorcerers
  3 deep elf elementalists (Elf:3)
  4 emperor scorpions
  Aizul (Swamp:1)
  An entropy weaver (Spider:3)
  5 spark wasps
  5 deep elf death magi
  Josephine (D:12)
  2 green deaths (Abyss:3)
  A fire dragon (D:15)
  2 deep elf high priests (Elf:3)
  Harold (Lair:2)
  Erolcha (D:11)
  A rakshasa (D:14)
  Fannar (Lair:1)
  8 vault guards (D:14)
  A ghost crab (Swamp:3)
  27 hydras
  2 catoblepae
  An ogre mage (D:15)
  9 two-headed ogres
  Erica (Lair:2)
  5 centaur warriors
  The ghost of Zachthehappycat the Fighter, a novice MiBe of Trog (Orc:2)
  20 dancing weapons
  7 alligators
  A tengu warrior (D:15)
  9 death yaks (Lair:6)
  Urug (D:10)
  7 thrashing horrors (Abyss:3)
  Nergalle (Lair:3)
  5 orc high priests (Orc:2)
  5 spriggans
  11 deep elf knights
  The ghost of TheGuigne the Destroyer, a novice GrWz of Ashenzari (D:9)
  4 wretched stars (Abyss:3)
  A sixfirhy (Abyss:3)
  2 spatial maelstroms (Abyss:3)
  8 swamp dragons
  3 spriggan druids (Swamp:4)
  4 unseen horrors
  25 deep elf archers
  7 orc knights
  18 orb spiders
  47 deep elf magi
  3 cyclopes
  A manticore (D:14)
  28 wolf spiders
  3 orc sorcerers
  A salamander (shapeshifter) (D:14)
  A moth of wrath (Spider:4)
  15 ugly things
  A salamander (Elf:1)
  4 worldbinders (Abyss:3)
  10 black mambas
  2 ice statues (IceCv)
  13 elephants
  2 centaur zombies (D:14)
  A guardian serpent (Lair:6)
  A spiny frog (shapeshifter) (D:15)
  5 smoke demons (Abyss:3)
  18 spiny frogs
  A gargoyle (D:14)
  2 efreet
  A torpor snail (Lair:5)
  8 komodo dragons
  A freezing wraith (D:14)
  4 rime drakes (Lair:5)
  2 golden dragon simulacra (IceCv)
  25 demonic crawlers
  3 kobold demonologists (D:11)
  2 anaconda simulacra (IceCv)
  9 ice devils (IceCv)
  An ancient zyme (Abyss:3)
  8 trolls
  26 jumping spiders
  5 tyrant leeches
  22 hornets
  A merfolk (D:10)
  9 polar bears (Lair:6)
  7 raiju
  17 slime creatures
  4 bog bodies
  8 blink frogs
  18 hippogriffs
  12 dream sheep
  75 redbacks
  4 water elementals
  A centaur simulacrum (D:14)
  5 shadows
  26 tarantellas
  4 large abominations (Abyss:3)
  3 air elementals
  54 yaks
  A tarantella (shapeshifter) (D:15)
  A vampire (D:15)
  16 wyverns
  A hog (D:14)
  5 wraiths
  2 fire elementals (Elf:2)
  4 basilisks
  A fire bat (shapeshifter) (Abyss:3)
  5 hungry ghosts
  21 vampire mosquitoes
  2 neqoxecs (Abyss:3)
  2 chaos spawn (Abyss:3)
  5 small abominations
  A spatial vortex (Abyss:3)
  27 swamp worms
  17 insubstantial wisps
  2 harpy simulacra (IceCv)
  8 wargs
  An iron troll simulacrum (IceCv)
  23 water moccasins
  13 hell hounds
  An acid dragon (D:14)
  10 porcupines
  3 hydra simulacra (IceCv)
  27 orc warriors
  18 swamp drakes
  3 ice beasts
  6 sky beasts
  12 black bears
  3 phantoms
  2 necrophages
  2 eyes of draining (D:15)
  27 ogres
  An ettin simulacrum (Abyss:3)
  22 wolves
  4 boggarts (D:15)
  12 centaurs
  16 crocodiles
  4 big kobolds
  14 bullfrogs
  A gnoll sergeant (D:11)
  An earth elemental (Elf:2)
  3 scorpions
  A water moccasin skeleton (D:6)
  54 killer bees
  18 wights
  4 electric eels
  A howler monkey (D:7)
  9 crimson imps
  3 bullfrog zombies
  A quasit (D:10)
  23 starcursed masses (Abyss:3)
  4 hounds
  An iron imp (Abyss:3)
  10 centaur skeletons
  30 orc priests
  5 gnoll shamans
  5 jellies
  23 orc wizards
  5 bullfrog skeletons
  7 iguanas
  10 worker ants
  A hound skeleton (D:10)
  15 adders
  17 gnolls
  10 shadow imps
  A white imp (Abyss:3)
  An ufetubus (Abyss:3)
  An adder skeleton (D:8)
  An adder zombie (D:8)
  3 worms
  3 dart slugs
  6 leopard geckos
  78 orcs
  10 giant cockroaches
  8 goblins
  6 hobgoblins
  9 jackals
  18 kobolds
  5 quokkas
  8 bats
  3 frilled lizards
  A leopard gecko skeleton (D:4)
  A leopard gecko zombie (D:5)
  7 rats
  2 briar patches (Swamp:3)
  3 plants
  2 starspawn tentacles (Abyss:2)
1552 creatures vanquished.

Vanquished Creatures (collateral kills)
  A bone dragon (Abyss:3)
  Agnes (Spider:2)
  An emperor scorpion (Spider:3)
  Louise (Spider:2)
  A ghost moth (Spider:3)
  An entropy weaver (Spider:2)
  A deep elf demonologist (Elf:3)
  A rakshasa (D:15)
  4 hydras
  A two-headed ogre (D:11)
  3 dancing weapons (Elf:2)
  2 death yaks (Lair:5)
  A deep elf knight (Elf:2)
  A wretched star (Abyss:3)
  A swamp dragon (Swamp:4)
  A large abomination (Abyss:3)
  An orc knight (Orc:2)
  An orb spider (Spider:4)
  4 wolf spiders
  A deep elf archer (Elf:1)
  3 deep elf magi
  3 elephants
  2 spiny frogs
  A demonic crawler (Spider:2)
  3 jumping spiders
  A tyrant leech (Swamp:1)
  A hippogriff (D:10)
  An air elemental (Abyss:3)
  8 redbacks
  Sigmund (D:2)
  2 spriggans (Swamp:4)
  A tarantella (Spider:3)
  A wyvern (Lair:6)
  Grum (D:11)
  A basilisk (Lair:2)
  A warg (Lair:6)
  2 water moccasins (Lair:6)
  A black bear (Lair:6)
  A wolf (Lair:6)
  A wight (D:11)
  A worker ant (D:11)
  A gnoll (D:11)
  A giant cockroach (D:2)
68 creatures vanquished.

Vanquished Creatures (others)
  An unseen horror (D:12)
  A deep elf archer (Elf:2)
  2 deep elf magi (Elf:2)
  A jumping spider (Spider:2)
  2 redbacks
  A tarantella (Spider:3)
  4 humans
  4 golden eyes (Abyss:3)
  A jelly (D:12)
  An adder (D:12)
  An orc (D:14)
  31 fungi
  63 plants
  10 starspawn tentacles
123 creatures vanquished.

Grand Total: 1743 creatures vanquished

Notes
Turn   | Place    | Note
-------+----------+-------------------------------------------
     0 | D:1      | TheGuigne the Minotaur Fighter began the quest for the Orb.
     0 | D:1      | Reached XP level 1. HP: 19/19 MP: 0/0
    90 | D:1      | Reached XP level 2. HP: 25/26 MP: 1/1
   585 | D:1      | Found a sparkling altar of Nemelex Xobeh.
   589 | D:1      | Became a worshipper of Nemelex Xobeh the Trickster
   702 | D:2      | Reached XP level 3. HP: 27/31 MP: 2/2
   770 | D:2      | Received a gift from Nemelex Xobeh
   890 | D:2      | Reached skill level 5 in Long Blades
   904 | D:2      | Noticed Sigmund
   914 | D:2      | Killed Sigmund
   914 | D:2      | Reached XP level 4. HP: 30/39 MP: 3/3
   948 | D:2      | Reached XP level 5. HP: 40/45 MP: 4/4
  1310 | D:3      | Reached * piety under Nemelex Xobeh
  1379 | D:3      | Received a gift from Nemelex Xobeh
  1848 | D:3      | Reached XP level 6. HP: 51/51 MP: 5/5
  2082 | D:4      | Received a gift from Nemelex Xobeh
  2293 | D:4      | Reached ** piety under Nemelex Xobeh
  2545 | D:4      | Received a gift from Nemelex Xobeh
  2902 | D:5      | Entered Level 5 of the Dungeon
  2910 | D:5      | Reached skill level 1 in Invocations
  3045 | D:5      | Reached XP level 7. HP: 49/57 MP: 6/6
  3100 | D:5      | Found Hiuticeu's Quality Used Wands.
  3162 | D:5      | Found Nuwkya's Jewellery Shop.
  3754 | D:5      | Found a staircase to the Ecumenical Temple.
  3761 | D:5      | Received a gift from Nemelex Xobeh
  3798 | D:5      | Reached *** piety under Nemelex Xobeh
  3953 | D:6      | Reached skill level 10 in Long Blades
  4142 | D:6      | Reached XP level 8. HP: 52/64 MP: 7/7
  5352 | D:7      | Reached skill level 1 in Dodging
  5407 | D:7      | Received a gift from Nemelex Xobeh
  5629 | D:8      | Noticed a troll
  5638 | D:8      | Killed a troll
  5638 | D:8      | Reached skill level 5 in Fighting
  5638 | D:8      | Reached XP level 9. HP: 39/74 MP: 8/10
  6164 | D:8      | Got a spiked scale mail
  6207 | D:8      | Identified the cursed +0 scale mail "Zuyrritu" {Int+4} (You took it off an orc on level 8 of the Dungeon)
  6224 | D:8      | Reached **** piety under Nemelex Xobeh
  6224 | D:8      | Received a gift from Nemelex Xobeh
  6251 | D:8      | Reached skill level 5 in Armour
  7072 | D:9      | Noticed TheGuigne's ghost (novice GrWz)
  7119 | D:9      | Killed TheGuigne's ghost
  7119 | D:9      | Reached skill level 5 in Invocations
  7396 | D:9      | Paralysed by a hornet for 3 turns
  7480 | D:9      | Reached XP level 10. HP: 81/88 MP: 13/13
  8201 | D:9      | Killed an unseen horror
  8448 | D:9      | Received a gift from Nemelex Xobeh
  8563 | D:10     | Entered Level 10 of the Dungeon
  8839 | D:10     | Paralysed by an orc warrior for 6 turns
  8950 | D:10     | Found a staircase to the Lair.
  9262 | D:10     | Reached skill level 10 in Fighting
  9311 | D:10     | Noticed a two-headed ogre
  9314 | D:10     | Noticed Urug
  9330 | D:9      | Reached skill level 10 in Armour
  9498 | D:10     | Killed a two-headed ogre
  9498 | D:10     | Reached XP level 11. HP: 71/100 MP: 13/15
  9653 | D:10     | Noticed a white ugly thing
  9673 | D:10     | Killed a white ugly thing
 10069 | D:10     | Killed Urug
 10361 | D:10     | Reached skill level 1 in Evocations
 10373 | D:10     | Found a shadowy altar of Dithmenos.
 10461 | D:10     | Reached skill level 4 in Shields
 10709 | D:10     | Received a gift from Nemelex Xobeh
 10719 | D:10     | Gained mutation: You expend magic power (3 MP) to strengthen your wands. [mutagenic meat]
 10720 | D:10     | Gained mutation: You are covered in fur. (AC +1) [mutagenic meat]
 10721 | D:10     | Gained mutation: You occasionally shout uncontrollably at your foes. [mutagenic meat]
 10723 | D:10     | Gained mutation: You possess an exceptional clarity of mind. [mutagenic meat]
 10810 | Lair:1   | Entered Level 1 of the Lair of Beasts
 10996 | Lair:1   | Reached skill level 5 in Shields
 11001 | Lair:1   | Reached skill level 5 in Dodging
 11537 | Lair:1   | Reached skill level 6 in Shields
 11572 | Lair:1   | Reached skill level 7 in Shields
 11815 | Lair:1   | Noticed a four-headed hydra
 11830 | Lair:1   | Killed a four-headed hydra
 11830 | Lair:1   | Reached skill level 8 in Shields
 12031 | Lair:1   | Reached skill level 9 in Shields
 12561 | Lair:1   | Reached XP level 12. HP: 50/108 MP: 16/16
 12882 | Lair:1   | Reached skill level 10 in Shields
 12928 | Lair:1   | Received a gift from Nemelex Xobeh
 12975 | Lair:1   | Noticed Fannar
 12994 | Lair:1   | Killed Fannar
 13479 | Lair:1   | Reached skill level 11 in Shields
 13652 | Lair:2   | Reached skill level 12 in Shields
 13852 | Lair:2   | Noticed Erica
 13863 | Lair:2   | Killed Erica
 13937 | Lair:2   | Noticed Harold
 13956 | Lair:2   | Killed Harold
 14112 | Lair:2   | Reached skill level 13 in Shields
 14439 | Lair:2   | Noticed a catoblepas
 14453 | Lair:2   | Killed a catoblepas
 14811 | Lair:2   | Noticed a four-headed hydra
 14838 | Lair:2   | Killed a four-headed hydra
 15179 | Lair:2   | Reached skill level 14 in Shields
 15380 | Lair:2   | Received a gift from Nemelex Xobeh
 15476 | Lair:2   | Found a hole to the Spider Nest.
 15666 | Lair:3   | Noticed a four-headed hydra
 15669 | Lair:3   | Reached ***** piety under Nemelex Xobeh
 15678 | Lair:3   | Killed a four-headed hydra
 15746 | Lair:3   | Noticed Nergalle
 15756 | Lair:3   | Killed Nergalle
 15959 | Lair:3   | Received a gift from Nemelex Xobeh
 15997 | Lair:3   | Noticed Snorg
 15999 | Lair:3   | Snorg changed into something unseen
 16017 | Lair:3   | Killed Snorg the unseen horror
 16017 | Lair:3   | Reached XP level 13. HP: 112/114 MP: 17/17
 16672 | Lair:3   | Found a staircase to the Swamp.
 17078 | Lair:4   | Received a gift from Nemelex Xobeh
 17375 | Lair:4   | Reached skill level 15 in Shields
 17545 | Lair:4   | Received a gift from Nemelex Xobeh
 18912 | Lair:5   | Found a staircase to the Slime Pits.
 18942 | Lair:5   | Received a gift from Nemelex Xobeh
 20480 | Lair:5   | Received a gift from Nemelex Xobeh
 20625 | Lair:6   | Entered Level 6 of the Lair of Beasts
 21378 | Lair:6   | Reached XP level 14. HP: 126/129 MP: 19/19
 23189 | Lair:6   | Received a gift from Nemelex Xobeh
 23852 | Lair:6   | Noticed an entropy weaver
 23852 | Lair:6   | a death yak changed into an entropy weaver
 23852 | Lair:6   | Noticed a shadow dragon
 23852 | Lair:6   | a death yak changed into a shadow dragon
 24176 | Lair:5   | Reached skill level 10 in Dodging
 24809 | D:11     | Noticed Grum
 24829 | D:11     | Killed Grum
 24830 | D:11     | Received a gift from Nemelex Xobeh
 25069 | D:11     | Reached skill level 15 in Fighting
 25507 | D:11     | Noticed Erolcha
 25515 | D:11     | Killed Erolcha
 25515 | D:11     | Reached XP level 15. HP: 122/141 MP: 21/21
 25665 | D:11     | Received a gift from Nemelex Xobeh
 26600 | D:12     | Noticed Josephine
 26617 | D:12     | Killed Josephine
 27152 | D:12     | Reached ****** piety under Nemelex Xobeh
 27154 | D:12     | Received a gift from Nemelex Xobeh
 27421 | D:12     | Found a staircase to the Orcish Mines.
 27485 | D:12     | Noticed a frost giant
 27593 | D:12     | Killed a frost giant
 27630 | D:12     | Found a flickering gateway to a bazaar.
 27639 | Bazaar   | Entered a bazaar
 27645 | Bazaar   | Found Heasmij's Book Shop.
 27645 | Bazaar   | Found Yneryr's Jewellery Boutique.
 27657 | Bazaar   | Bought an uncursed ring of see invisible for 150 gold pieces
 27657 | Bazaar   | Bought the ring "Poumem" {+Blink +Fly rC+ MP-9 Str+4} for 306 gold pieces
 27759 | Orc:1    | Entered Level 1 of the Orcish Mines
 28023 | Orc:2    | Entered Level 2 of the Orcish Mines
 28023 | Orc:2    | Noticed Zachthehappycat's ghost (novice MiBe)
 28039 | Orc:2    | Killed Zachthehappycat's ghost
 28100 | Orc:2    | Found a roughly hewn altar of Beogh.
 28102 | Orc:2    | Received a gift from Nemelex Xobeh
 28214 | Orc:1    | Found Gythusar's Magic Scroll Emporium.
 28242 | Orc:1    | Bought a scroll of identify for 36 gold pieces
 28242 | Orc:1    | Bought a scroll of identify for 36 gold pieces
 28548 | Orc:2    | Received a gift from Nemelex Xobeh
 28715 | Orc:2    | Found a staircase to the Elven Halls.
 29615 | Orc:2    | Received a gift from Nemelex Xobeh
 30439 | Orc:2    | Found Qirivvic's Jewellery Boutique.
 30442 | Orc:2    | Found Icre's General Store.
 30443 | Orc:2    | Found Xudeowis's Food Boutique.
 30444 | Orc:2    | Found Ogistom's Book Shop.
 30454 | Orc:2    | Bought a scroll of blinking for 120 gold pieces
 30454 | Orc:2    | Bought a potion of cancellation for 128 gold pieces
 30558 | D:12     | Reached skill level 10 in Invocations
 30649 | Lair:1   | Identified a scroll of acquirement
 30858 | D:13     | Received a gift from Nemelex Xobeh
 31726 | D:14     | Received a gift from Nemelex Xobeh
 31901 | D:14     | Noticed Kirke
 31911 | D:14     | Killed Kirke
 32032 | D:14     | Reached skill level 5 in Evocations
 32389 | D:14     | Found a burning altar of Makhleb.
 32627 | D:14     | Found a gate to the Vaults.
 32651 | D:14     | Reached XP level 16. HP: 149/149 MP: 23/23
 32940 | D:14     | Received a gift from Nemelex Xobeh
 32974 | D:15     | Entered Level 15 of the Dungeon
 33601 | D:15     | Received a gift from Nemelex Xobeh
 33945 | Orc:1    | Bought a scroll of enchant weapon for 135 gold pieces
 33945 | Orc:1    | Bought a scroll of acquirement for 936 gold pieces
 34430 | D:15     | Reached skill level 15 in Armour
 34742 | D:15     | Found a white marble altar of Elyvilon.
 35039 | D:15     | Found a staircase to the Depths.
 35588 | Lair:6   | Killed a shadow dragon
 36297 | Swamp:1  | Entered Level 1 of the Swamp
 36362 | Swamp:1  | Noticed Aizul
 36458 | Swamp:1  | Killed Aizul
 36592 | Swamp:1  | Received a gift from Nemelex Xobeh
 37619 | Swamp:2  | Received a gift from Nemelex Xobeh
 38414 | Swamp:3  | Received a gift from Nemelex Xobeh
 38561 | Swamp:3  | Reached XP level 17. HP: 151/156 MP: 25/25
 39906 | Swamp:4  | Entered Level 4 of the Swamp
 39906 | Swamp:4  | Received a gift from Nemelex Xobeh
 40940 | Swamp:4  | Reached skill level 10 in Evocations
 41264 | Swamp:4  | Got a decaying rune of Zot
 41327 | Swamp:4  | Got a brightly glowing pewter amulet
 41768 | Spider:1 | Entered Level 1 of the Spider Nest
 42251 | Spider:1 | Found a frozen archway.
 42260 | IceCv    | Entered an ice cave
 42450 | IceCv    | Identified the amulet "Soyd" {+Rage rC++ rN+ Str-4 Int+2} (You found it on level 4 of the Swamp)
 42752 | IceCv    | Noticed an Ice Fiend
 42792 | IceCv    | Killed an Ice Fiend
 43101 | IceCv    | Got a wizard robe
 43259 | Spider:1 | Received a gift from Nemelex Xobeh
 43713 | Spider:2 | Noticed Louise
 44018 | Spider:2 | Cast into level 2 of the Abyss (Louise)
 44149 | Abyss:2  | Found a corrupted altar of Lugonu.
 44154 | Spider:2 | Escaped the Abyss
 44432 | Spider:2 | Cast into level 3 of the Abyss (Louise)
 44638 | Abyss:3  | Reached XP level 18. HP: 153/169 MP: 17/26
 44818 | Abyss:3  | Paralysed by accursed screaming for 1 turns
 44847 | Abyss:3  | Paralysed by accursed screaming for 1 turns
 44865 | Abyss:3  | Received a gift from Nemelex Xobeh
 44997 | Abyss:3  | Lost mutation: You possess an exceptional clarity of mind. [a neqoxec]
 44998 | Abyss:3  | Gained mutation: You sometimes yell uncontrollably at your foes. [a neqoxec]
 45000 | Abyss:3  | Gained mutation: You are weak. (Str -2) [a neqoxec]
 45610 | Abyss:3  | Received a gift from Nemelex Xobeh
 45611 | Abyss:3  | Noticed a bone dragon
 45630 | Abyss:3  | Killed a bone dragon
 45633 | Spider:2 | Escaped the Abyss
 46836 | Spider:2 | Killed Louise
 47212 | Spider:2 | Received a gift from Nemelex Xobeh
 48251 | Spider:3 | Noticed Agnes
 48301 | Spider:2 | Killed Agnes
 49420 | Spider:3 | Received a gift from Nemelex Xobeh
 49757 | Spider:4 | Entered Level 4 of the Spider Nest
 50196 | Spider:4 | Reached skill level 16 in Shields
 51304 | Spider:4 | Reached skill level 17 in Shields
 51850 | Spider:4 | Reached XP level 19. HP: 175/179 MP: 27/27
 51948 | Spider:4 | Received a gift from Nemelex Xobeh
 52429 | Spider:4 | Got a gossamer rune of Zot
 53065 | Elf:1    | Entered Level 1 of the Elven Halls
 53096 | Elf:1    | Reached skill level 18 in Shields
 53739 | Elf:1    | Reached skill level 19 in Shields
 54328 | Elf:1    | Received a gift from Nemelex Xobeh
 55555 | Elf:2    | Found a runed gate.
 55555 | Elf:2    | Found a runed gate.
 55555 | Elf:2    | Found a runed gate.
 55941 | Elf:2    | Reached skill level 20 in Shields
 56571 | Elf:2    | Received a gift from Nemelex Xobeh
 57136 | Elf:3    | Entered Level 3 of the Elven Halls
 57215 | Elf:3    | Noticed Roxanne
 57583 | Elf:3    | Killed Roxanne
 57584 | Elf:3    | Identified Roxanne's Compendium of Stones (You took it off Roxanne on level 3 of the Elven Halls)
 57923 | Elf:3    | Reached XP level 20. HP: 171/189 MP: 19/28
 58099 | Elf:3    | Reached skill level 21 in Shields
 58658 | Elf:3    | Cast into level 3 of the Abyss (a deep elf demonologist)
 59046 | Abyss:3  | Gained mutation: You are very weak. (Str -4) [a neqoxec]
 59069 | Abyss:3  | HP: 4/189 [Executioner (7)]
 59144 | Abyss:3  | Received a gift from Nemelex Xobeh
 59201 | Abyss:3  | Noticed a bone dragon
 59238 | Abyss:3  | Killed a bone dragon
 59256 | Abyss:3  | Found a corrupted altar of Lugonu.
 59657 | Abyss:3  | Paralysed by accursed screaming for 1 turns
 59659 | Abyss:3  | HP: 8/189 [starcursed mass/accursed screaming (15)]
 59659 | Abyss:3  | Paralysed by accursed screaming for 2 turns
 59659 | Abyss:3  | Mangled by a golden dragon simulacrum

Skill      XL: |  1  2  3  4  5  6  7  8  9 10 11 12 13 14 15 16 17 18 19 20 |
---------------+-------------------------------------------------------------+-----
Long Blades    | 3 4 6 7 9 11 12 13 14 | 14.9
Invocations    | 1 3 5 6 7 8 9 10 12 13 | 13.0
Fighting       | 5 7 10 13 15 17 18 | 18.6
Dodging        | 1 3 5 6 8 10 11 12 13 | 13.8
Armour         | 4 6 10 11 14 16 18 | 18.7
Evocations     | 3 5 8 10 | 10.4
Shields        | 9 14 15 17 20 21 | 21.6

Action                   |  1- 3 |  4- 6 |  7- 9 | 10-12 | 13-15 | 16-18 | 19-21 || total
-------------------------+-------+-------+-------+-------+-------+-------+-------++-------
Melee: Long sword        |    65 |   111 |    46 |       |    12 |       |   109 ||   343
       Headbutt          |    11 |    22 |    55 |   189 |   524 |   809 |   324 ||  1934
       Great sword       |       |       |   212 |   154 |       |       |       ||   366
       Double sword      |       |       |       |   525 |  1894 |  2455 |  1080 ||  5954
       Mace              |       |       |       |    26 |    54 |       |       ||    80
       Scimitar          |       |       |       |       |       |   128 |       ||   128
 Fire: Hunting sling     |    13 |    92 |     8 |       |       |       |       ||   113
Throw: Javelin           |       |       |       |     2 |       |       |       ||     2
       Throwing net      |       |       |       |     1 |       |    16 |       ||    17
Invok: Triple Draw       |       |       |       |     5 |     1 |       |       ||     6
       Stack Five        |       |       |       |       |       |     4 |     2 ||     6
       Deal Four         |       |       |       |       |       |       |     1 ||     1
 Abil: Evoke Berserk Rag |       |       |       |       |       |     1 |       ||     1
       Evoke Blink       |       |       |       |       |       |       |     3 ||     3
Evoke: Deck              |     1 |       |       |     6 |    13 |    29 |    18 ||    67
       Wand              |       |       |       |     4 |       |     9 |     1 ||    14
  Use: Scroll            |       |     3 |     2 |    16 |    12 |    14 |    10 ||    57
       Potion            |       |       |       |     3 |     2 |     8 |    12 ||    25
 Stab: Distracted        |       |       |       |     1 |     4 |     3 |     4 ||    12
       Petrified         |       |       |       |       |     3 |       |       ||     3
       Petrifying        |       |       |       |       |     1 |       |       ||     1
       Held in net/web   |       |       |       |       |       |     2 |       ||     2
  Eat: Chunk             |       |     6 |    12 |    25 |    49 |    43 |    18 ||   153
       Royal jelly       |       |       |     1 |     5 |     1 |     3 |     4 ||    14
       Fruit             |       |       |       |     1 |     6 |    19 |     5 ||    31
       Bread ration      |       |       |       |       |       |     1 |       ||     1
Armor: Scale mail        |    28 |    43 |    61 |       |       |       |       ||   132
       Plate armour      |       |       |   112 |   572 |   849 |  1178 |   534 ||  3245
       Fire dragon scale |       |       |       |       |       |    34 |       ||    34
Dodge: Dodged            |    30 |    23 |   104 |   294 |   664 |  1077 |   395 ||  2587
Block: Shield            |    41 |    45 |    20 |   396 |  1323 |  1374 |       ||  3199
       Large shield      |       |       |       |       |       |   514 |  1256 ||  1770
       Rpst.: Long sword |     8 |     6 |     4 |       |       |       |     3 ||    21
       Great sword       |       |       |    25 |    17 |       |       |       ||    42
       Double sword      |       |       |       |    48 |   148 |   176 |    73 ||   445
       Scimitar          |       |       |       |       |       |    10 |       ||    10
